 Dungeon Crawl Stone Soup version 0.27-a0-1188-g73eefd5def (webtiles) character file.

Game seed: 13990924427960330588

35 Leibowitz the Covered (level 3, 0/30 HPs)
             Began as a Demigod Fighter on May 22, 2021.
             Slain by a worm (9 damage)
             ... on level 2 of the Dungeon.
             The game lasted 00:03:35 (1625 turns).

Leibowitz the Covered (Demigod Fighter)             Turns: 1625, Time: 00:03:36

Health: 0/30       AC:  6    Str: 21    XL:     3   Next: 4%
Magic:  5/5        EV:  7    Int: 10    God:
Gold:   64         SH:  9    Dex: 13    Spells: 2/2 levels left

rFire    . . .     SeeInvis .   a - +0 long sword
rCold    . . .     Faith    .   c - +0 kite shield
rNeg     . . .     Spirit   .   b - +0 scale mail
rPois    .         Reflect  .   (no helmet)
rElec    .         Harm     .   (no cloak)
rCorr    .         Rampage  .   (no gloves)
Will     .....                  (no boots)
Stlth    ..........             (no amulet)
HPRegen  0.10/turn              (no ring)
MPRegen  0.09/turn              (no ring)

@: no status effects
A: high mp 1, forlorn
a: no special abilities


You were on level 2 of the Dungeon.
You visited 1 branch of the dungeon, and saw 2 of its levels.

You collected 64 gold pieces.

Inventory:

Hand Weapons
 a - a +0 long sword (weapon)
Armour
 b - a +0 scale mail (worn)
 c - a +0 kite shield (worn)
Scrolls
 e - a scroll of enchant armour {unknown}
 g - a scroll of blinking {unknown}
 h - a scroll of identify {unknown}
 i - a scroll of noise {unknown}
Potions
 d - a potion of might
 f - a potion of cancellation {unknown}


   Skills:
 * Level 2.9 Fighting
 * Level 2.4 Long Blades
 * Level 3.0 Armour
 * Level 0.4 Dodging
 * Level 2.9 Shields


You had 2 spell levels left.
You didn't know any spells.
Your spell library was empty.

Dungeon Overview and Level Annotations

Branches:
Dungeon (2/15)

Annotations:
D:2 Natasha


Innate Abilities, Weirdness & Mutations

Your attributes grow dramatically as you level up.
You have an increased reservoir of magic. (+10% MP)
You shall have no god before yourself.


Message History

The goblin shouts!
Found 15 gold pieces.
Found 12 gold pieces.
You see here 15 gold pieces.
The goblin hits you with a +0 dagger.
You slash the goblin!
You kill the goblin!
You have reached level 3!
Your experience leads to a dramatic increase in your attributes!
Increase (S)trength, (I)ntelligence, or (D)exterity?
You feel stronger. x4
You now have 39 gold pieces (gained 15).
A goblin comes into view. It is wielding a +0 club.
The goblin shouts!
You see here a +0 dagger.
You closely miss the goblin. The goblin hits you but does no damage.
The goblin hits you with a +0 club.
You miss the goblin. The goblin hits you but does no damage.
You slash the goblin!
You kill the goblin!
You now have 52 gold pieces (gained 13).
You see here a +0 club.
You now have 64 gold pieces (gained 12).
A worm comes into view.
Found a scroll labelled HOHUST AMOJIWU.
Natasha, Servant of Life and Death comes into view.
Natasha claws you but does no damage.
You hit the worm.
The worm is moderately wounded.
Natasha claws you. The worm bites you!
Your shield prevents you from hitting the worm.
The worm is moderately wounded.
You block Natasha's attack. The worm bites you but does no damage.
Natasha casts a spell.
You hit the worm but do no damage.
The worm is moderately wounded.
Natasha claws you. The shadow imp hits you.
* * * LOW HITPOINT WARNING * * *
The worm bites you!
You die...

###########.#....#
#.#....# #.#....
#.#?..#
#.#...#####
#.#........
####.#....#
#......5..#
#.##.##@..# #
#.#h.w.# #.####.#
#.. .# ### #


You could see a worm, Natasha and a shadow imp (summoned).

Vanquished Creatures
  A dart slug (D:2)
  6 ball pythons
  A bat (D:1)
  2 endoplasms (D:1)
  6 goblins
  A hobgoblin (D:1)
  3 jackals (D:1)
  3 frilled lizards (D:1)
  5 kobolds
  5 rats
33 creatures vanquished.

Notes
Turn   | Place    | Note
-------+----------+-------------------------------------------
     0 | D:1      | Leibowitz the Demigod Fighter began the quest for the Orb.
     0 | D:1      | Reached XP level 1. HP: 18/18 MP: 3/3
   298 | D:1      | Reached XP level 2. HP: 17/25 MP: 4/4
  1455 | D:2      | Reached skill level 3 in Armour
  1513 | D:2      | Reached XP level 3. HP: 26/30 MP: 5/5
  1622 | D:2      | Noticed Natasha
  1625 | D:2      | Slain by a worm

Illustrated notes

Levels and vault maps discovered:
D:1:      lightli_arrival_boilingwater, layout_basic, basic_ecumenical_altar,
          minmay_misc_feat_secret_circle
D:2:      layout_basic, grunt_ministairs_14, uniq_natasha,
          uniq_crazy_yiuf_cottage

Skill      XL: |  1  2 |
---------------+-------+-----
Long Blades    | 2 |  2.4
Armour         | 3 |  3.0
Fighting       | |  2.9
Dodging        | |  0.4
Shields        | |  2.9

Action                   || total
-------------------------++-------
Melee: Long sword        ||   114
Armor: Scale mail        ||    56
Dodge: Dodged            ||    30
Block: Kite shield       ||    68
       Rpst.: Long sword ||    10

Table legend: (Time is in decaauts)
 A = Elapsed time spent in this place.
 B = Non-inter-level travel time spent in this place.
 C = Inter-level travel time spent in this place.
 D = Time resting spent in this place.
 E = Time spent auto-exploring this place.
 F = Levels seen in this place.
 G = Mean time per level.
                   A        B        C        D        E       F      G
               +--------+--------+--------+--------+--------+-----+--------+
         Total |   1688 |   1645 |     43 |     66 |   1276 |   2 |  844.0 |
       Dungeon |   1688 |   1645 |     43 |     66 |   1276 |   2 |  844.0 |
               +--------+--------+--------+--------+--------+-----+--------+

Top non-repeatable levels by time:
     D:1: 1300 daAuts
     D:2: 388 daAuts
